 Dungeon Sprint DCSS version 0.21-a0-221-gfe971b9 (webtiles) character file.

536950 FailedLogin the Demonic Cataclysm (level 21, -13/183 HPs)
             Began as a Demonspawn Fighter on Aug 25, 2017.
             Was a High Priest of Qazlal.
             Killed from afar by a Hell Sentinel (49 damage)
             ... with damnation
             ... summoned by Ereshkigal
             ... in the Dungeon (Sprint IX: "|||||||||||||||||||||||||||||").
             The game lasted 00:30:36 (13641 turns).

FailedLogin the Demonic Cataclysm (DsFi)           Turns: 13641, Time: 00:30:38

Health: -13/183    AC: 47    Str: 19    XL:     21   Next: 79%
Magic:  0/30       EV: 23    Int:  5    God:    Qazlal [*****.]
Gold:   205        SH: 36    Dex: 19    Spells: 17/20 levels left

rFire    + + .     SeeInvis .   p - +8 demon whip (vamp)
rCold    + + +     Gourm    .   u - +4 large shield
rNeg     + + .     Faith    .   Y - +12 gold dragon scales
rPois    +         Spirit   +   P - +2 hat {MR+}
rElec    .         Reflect  .   Z - +2 cloak
rCorr    +         Harm     .   (gloves unavailable)
MR       ++...     NoTele   +   Q - +2 pair of boots
Stlth    ..........             A - amulet of regeneration
HPRegen  0.00/turn              H - ring "Kisicusky" {+Inv rPois rN++ Str+3 Dex-4}
MPRegen  0.22/turn              L - ring of protection from cold

@: agile, protected from cold, very slightly contaminated, silenced, invisible
(expiring), repel missiles
A: claws 3, yellow scales 3, blurry vision 2, clumsy 2, deformed body,
deterioration 2, dopey 2, fire resistance 1, frail 1, low mp 2, sense
surroundings 1, powered by pain 3, inhibited regeneration, weak 1, evolution 1,
magic shield, flame cloud immunity, subdued magic 1
}: 9/15 runes: decaying, serpentine, barnacled, slimy, elven, silver, golden,
abyssal, gossamer
a: Renounce Religion


You were in the Dungeon.
You worshipped Qazlal.
Qazlal was extremely pleased with you.
You were hungry.

You visited 1 branch You collected 1966 gold pieces.
You spent 1761 gold pieces at shops.

Inventory:

Hand Weapons
 p - a +8 vampiric demon whip (weapon)
Armour
 c - +0 gold dragon scales
 s - a +2 pair of gloves of dexterity
 u - a +4 large shield (worn)
 P - a +2 hat of magic resistance (worn)
 Q - a +2 pair of boots (worn)
 Y - +12 gold dragon scales (worn)
 Z - a +2 cloak (worn)
Magical Staves
 R - an uncursed staff of poison
Jewellery
 a - the amulet "Xitu Jeu" {Gourm rN++ Str-3}
   (You found it in the Dungeon)

   [amulet of the gourmand]

   It allows you to eat raw meat even when not hungry.
   It affects your strength (-3).
   It greatly protects you from negative energy.
 o - the amulet of Muq Dau {+Blink rF- rN++ Regen+}
   (You found it in the Dungeon)

   [amulet of regeneration]

   It makes you vulnerable to fire.
   It greatly protects you from negative energy.
   It lets you blink.
   It increases your rate of regeneration.
 t - an uncursed ring of positive energy
 A - an amulet of regeneration (around neck)
 H - the ring "Kisicusky" (left claw) {+Inv rPois rN++ Str+3 Dex-4}
   (You found it in the Dungeon)

   [ring of strength]

   It affects your strength (+3).
   It affects your dexterity (-4).
   It protects you from poison.
   It greatly protects you from negative energy.
   It lets you turn invisible.
 J - an uncursed ring of poison resistance
 K - an uncursed ring of ice
 L - a ring of protection from cold (right claw)
 O - an uncursed amulet of magic regeneration {unknown}
 U - the ring of Ynluek {Wiz Str+5}
   (You found it in the Dungeon)

   [ring of wizardry]

   It improves your spell success rate.
   It affects your strength (+5).
 V - the amulet "Ahoarch" {Spirit Int+4 SInv}
   (You found it in the Dungeon)

   [amulet of guardian spirit]

   It causes incoming damage to be split between your health and magic.
   It affects your intelligence (+4).
   It lets you see invisible.
Wands
 n - a wand of lightning (4/15)
 C - a wand of lightning (0/15)
 I - a wand of polymorph (10/24)
Scrolls
 k - 5 scrolls of blinking
 l - 8 scrolls of remove curse
 m - 2 scrolls of amnesia
 w - a scroll of fear
 x - 5 scrolls of identify
 D - 2 scrolls of recharging
 M - 2 scrolls of fog
Potions
 d - 2 potions of brilliance
 e - 9 potions of curing
 g - 5 potions of heal wounds
 h - 8 potions of haste
 i - 3 potions of magic
Books
 E - a book of Misfortune

   Spells                             Type                      Level
   a - Confusing Touch                Hexes                        1
   b - Confuse                        Hexes                        3
   c - Gell's Gravitas                Translocation                3
   d - Petrify                        Transmutation/Earth          4
   e - Metabolic Englaciation         Hexes/Ice                    5
   f - Yara's Violent Unravelling     Hexes/Transmutation          5
 F - a book of Minor Magic

   Spells                             Type                      Level
   a - Magic Dart                     Conjuration                  1
   b - Blink                          Translocation                2
   c - Call Imp                       Summoning                    2
   d - Slow                           Hexes                        2
   e - Conjure Flame                  Conjuration/Fire             3
   f - Mephitic Cloud                 Conjuration/Poison/Air       3
 G - a book of Cantrips

   Spells                             Type                      Level
   a - Confusing Touch                Hexes                        1
   b - Animate Skeleton               Necromancy                   1
   c - Summon Small Mammal            Summoning                    1
   d - Apportation                    Translocation                1
 T - a book of Geomancy

   Spells                             Type                      Level
   a - Sandblast                      Earth                        1
   b - Passwall                       Transmutation/Earth          2
   c - Stone Arrow                    Conjuration/Earth            3
   d - Petrify                        Transmutation/Earth          4
   e - Lee's Rapid Deconstruction     Earth                        5
Miscellaneous
 S - a box of beasts
Comestibles
 f - 9 bread rations
 v - 10 fruits
 z - 12 meat rations


   Skills:
 O Level 27 Fighting
 O Level 27 Maces & Flails
 O Level 27 Staves
 O Level 27 Armour
 + Level 24.6 Dodging
 O Level 27 Shields
 O Level 27 Poison Magic
 O Level 27 Invocations
 - Level 15.0 Evocations


You had 17 spell levels left.
You knew the following spells:

 Your Spells              Type           Power        Failure   Level  Hunger
a - Mephitic Cloud        Conj/Pois/Air  #.......     38%         3    ####...


Dungeon Overview and Level Annotations

Branches:
Dungeon (1/1)

Altars:
Cheibriados
Dithmenos
Elyvilon
Fedhas
Gozag
Hepliaklqana
Kikubaaqudgha
Makhleb
Nemelex Xobeh
Okawaru
Qazlal
Ru
Sif Muna
Trog
Uskayaw
Vehumet
Wu Jian
Xom
Yredelemnul
Zin
The Shining One
Beogh
Jiyva
Lugonu

Shops:
D [?%:

Annotations:
D Dispater, Ereshkigal


Innate Abilities, Weirdness & Mutations

You have claws for hands.
You are completely covered in yellow scales. (AC +4, rCorr)
Your flesh is heat resistant. (rF+)
You are powered by pain.
When hurt, damage is shared between your health and your magic reserves.
You are immune to clouds of flame.
Scrolls take you longer to read.
You are very clumsy. (Dex -4)
Armour fits poorly on your strangely shaped body.
Your body often deteriorates upon taking damage.
You are very dopey. (Int -4)
You are frail. (-10% HP)
Your magical capacity is very low. (-20% MP)
You passively map a small area around you.
You do not regenerate when monsters are visible.
You are weak. (Str -2)
You evolve.
Your spells are a little easier to cast, but a little less powerful.


Message History

Dispater is severely wounded.
Ereshkigal calls on the powers of darkness!
Your body is wracked with pain!
* * * LOW HITPOINT WARNING * * *
You hit Dispater but do no damage.
Dispater is severely wounded.
Dispater gestures.
You block something's attack.
You whack Dispater!
Dispater is severely wounded.
Ereshkigal gestures.
Ereshkigal is healed.
Unknown command.
You feel much better. Dispater gestures at you. You block the iron shot.
You block something's attack. The Hell Sentinel gestures at you.
The sphere of damnation explodes!
The damnation engulfs Dispater.
Dispater completely resists.
The damnation engulfs you!
You die...

▓▓▓▓▓▓▓▓▓▓▓▓▓▓▓▓▓▓▓▓▓▓▓▓▓ *
..........≈≈≈.≈.@&112&.≈2, ,
▓▓▓▓▓▓▓▓▓▓▓▓▓▓▓▓▓▓▓▓▓▓▓▓▓▓▓▓▓▓▓▓▓
.................................
▓▓▓▓▓▓▓▓▓▓▓▓▓▓▓▓▓▓▓▓▓▓▓▓▓▓▓▓▓▓▓▓▓
..'.≈.......'....≈....'..........
▓▓▓▓▓▓▓▓▓▓▓▓▓▓▓▓▓▓▓▓▓▓▓▓▓▓▓▓▓▓▓▓▓
.................................
▓▓▓▓▓▓▓▓▓▓▓▓▓▓▓▓▓▓▓▓▓▓▓▓▓▓▓▓▓▓▓▓▓
)))))).......)...................


You could see Dispater, Ereshkigal, 2 Hell Sentinels and a hell beast
(wandering).

Vanquished Creatures
  the Royal Jelly (D)
  Antaeus (D)
  Mnoleg (D)
  3 orbs of fire (D)
  4 ancient liches (D)
  Mara (D)
  Sojobo (D)
  2 greater mummies (D)
  Saint Roka (D)
  Frederick (D)
  Geryon (D)
  A Killer Klown (D)
  3 golden dragons (D)
  Jory (D)
  Nikola (D)
  5 liches (D)
  4 electric golems (D)
  Rupert (D)
  7 tentacled monstrosities (D)
  28 Orb Guardians (D)
  2 deep elf master archers (D)
  2 titans (D)
  12 acid blobs (D)
  4 deep elf blademasters (D)
  13 sphinxes (D)
  2 death cobs (D)
  3 tengu reavers (D)
  Frances (D)
  Agnes (D)
  A tentacled starspawn (D)
  Ilsuiw (D)
  A storm dragon (D)
  11 shadow dragons (D)
  Donald (D)
  A draconian monk (D)
  8 azure jellies (D)
  2 frost giants (D)
  Aizul (D)
  5 nagarajas (D)
  4 fire giants (D)
  A draconian scorcher (D)
  2 deep elf sorcerers (D)
  4 emperor scorpions (D)
  A draconian knight (D)
  A draconian shifter (D)
  3 ironheart preservers (D)
  2 draconian stormcallers (D)
  A vault warden (D)
  4 draconian annihilators (D)
  A very ugly thing (D)
  4 stone giants (D)
  4 green draconians (D)
  4 deep elf demonologists (D)
  2 yellow draconians (D)
  5 white draconians (D)
  7 vampire knights (D)
  2 spark wasps (D)
  5 black draconians (D)
  2 deep elf annihilators (D)
  A red draconian (D)
  An ettin (D)
  7 merfolk javelineers (D)
  A purple draconian (D)
  7 death oozes (D)
  3 merfolk impalers (D)
  5 mummy priests (D)
  2 great orbs of eyes (D)
  3 fire dragons (D)
  2 yaktaur captains (D)
  5 ice dragons (D)
  Erolcha (D)
  25 vault guards (D)
  7 hydras (D)
  2 naga warriors (D)
  2 centaur warriors (D)
  An alligator snapping turtle (D)
  A catoblepas (D)
  2 ogre magi (D)
  A two-headed ogre (D)
  2 death knights (D)
  2 merfolk aquamancers (D)
  6 death yaks (D)
  A vampire mage (D)
  A tengu warrior (D)
  2 deep troll earth magi (D)
  A spriggan berserker (D)
  3 naga sharpshooters (D)
  2 skeletal warriors (D)
  A sea snake (D)
  A glowing orange brain (D)
  5 swamp dragons (D)
  A harpy (D)
  3 ironbrand convokers (D)
  A deep elf mage (D)
  13 orc knights (D)
  4 ugly things (D)
  9 moths of wrath (D)
  8 wolf spiders (D)
  3 orc sorcerers (D)
  A manticore (D)
  A cyclops (D)
  A smoke demon (D)
  4 vault sentinels (D)
  Joseph (D)
  Psyche (D)
  2 guardian serpents (D)
  4 naga magi (D)
  2 black mambas (D)
  A demonic crawler (D)
  4 spiny frogs (D)
  A hellwing (D)
  3 yaktaurs (D)
  A wandering mushroom (D)
  21 guardian mummies (D)
  2 polar bears (D)
  4 jumping spiders (D)
  3 tyrant leeches (D)
  4 hornets (D)
  3 merfolk (D)
  A polar bear (shapeshifter) (D)
  2 wind drakes (D)
  A snapping turtle (D)
  3 slime creatures (D)
  2 bog bodies (D)
  2 hippogriffs (D)
  13 spriggans (D)
  A redback (D)
  A tarantella (D)
  3 wraiths (D)
  2 ynoxinuls (D)
  3 yaks (D)
  A hungry ghost (D)
  A golden eye (D)
  4 nagas (D)
  A soldier ant (D)
  A warg (D)
  An acid dragon (D)
  2 porcupines (D)
  A water moccasin (D)
  2 swamp drakes (D)
  A floating eye (D)
  A sky beast (D)
  9 orc warriors (D)
  A boggart (D)
  An eye of draining (D)
  An eye of draining (shapeshifter) (D)
  3 crocodiles (D)
  4 bullfrogs (D)
  2 small abominations (D)
  A scorpion (D)
  3 crimson imps (D)
  A quasit (D)
  A jelly (D)
  4 orc priests (D)
  4 orc wizards (D)
  2 adders (D)
  A shadow imp (D)
  An adder zombie (D)
  An adder skeleton (D)
  16 orcs (D)
  2 bat skeletons (D)
  2 hobgoblins (D)
  2 ball pythons (D)
  A bat (D)
  A jackal skeleton (D)
525 creatures vanquished.

Vanquished Creatures (others)
  A fire giant (D)
1 creature vanquished.

Grand Total: 526 creatures vanquished

Notes
Turn   | Place    | Note
-------+----------+-------------------------------------------
     0 | D        | FailedLogin the Demonspawn Fighter began the quest for the Orb.
     0 | D        | Reached XP level 1. HP: 18/18 MP: 1/1
    83 | D        | Noticed a crimson imp
    83 | D        | Noticed a crimson imp
    83 | D        | Noticed an orc wizard
    85 | D        | Killed a crimson imp
    85 | D        | Gained mutation: You have sharp fingernails. [demonic ancestry]
    85 | D        | Reached XP level 2. HP: 24/24 MP: 2/2
    85 | D        | Gained mutation: When hurt, damage is shared between your health and your magic reserves. [demonic ancestry]
    85 | D        | Reached XP level 3. HP: 29/29 MP: 3/3
    88 | D        | Reached XP level 4. HP: 35/35 MP: 4/4
   107 | D        | Found a roughly hewn altar of Beogh.
   107 | D        | Found a snail-covered altar of Cheibriados.
   107 | D        | Found a shadowy altar of Dithmenos.
   107 | D        | Found a white marble altar of Elyvilon.
   107 | D        | Found a blossoming altar of Fedhas.
   107 | D        | Found an opulent altar of Gozag.
   108 | D        | Found a hazy altar of Hepliaklqana.
   109 | D        | Found a viscous altar of Jiyva.
   110 | D        | Found an ancient bone altar of Kikubaaqudgha.
   111 | D        | Found a corrupted altar of Lugonu.
   112 | D        | Found a burning altar of Makhleb.
   113 | D        | Found a sparkling altar of Nemelex Xobeh.
   114 | D        | Found an iron altar of Okawaru.
   115 | D        | Found a stormy altar of Qazlal.
   116 | D        | Found a sacrificial altar of Ru.
   117 | D        | Found a deep blue altar of Sif Muna.
   118 | D        | Found a bloodstained altar of Trog.
   119 | D        | Found a hide-covered altar of Uskayaw.
   120 | D        | Found a radiant altar of Vehumet.
   121 | D        | Found an ornate altar of the Wu Jian Council.
   122 | D        | Found a shimmering altar of Xom.
   123 | D        | Found a basalt altar of Yredelemnul.
   125 | D        | Became a worshipper of Qazlal Stormbringer
   127 | D        | Found a glowing silver altar of Zin.
   128 | D        | Found a glowing golden altar of the Shining One.
   190 | D        | Noticed a soldier ant
   190 | D        | Noticed a bullfrog
   195 | D        | Killed a bullfrog
   195 | D        | Gained mutation: You are partially covered in yellow scales. (AC +2) [demonic ancestry]
   195 | D        | Reached XP level 5. HP: 37/42 MP: 5/5
   195 | D        | Reached * piety under Qazlal
   199 | D        | Killed a soldier ant
   199 | D        | Reached skill level 5 in Fighting
   199 | D        | Reached skill level 5 in Shields
   199 | D        | Gained mutation: You are mostly covered in yellow scales. (AC +3) [demonic ancestry]
   199 | D        | Reached XP level 6. HP: 35/51 MP: 4/6
   199 | D        | Reached skill level 5 in Armour
   206 | D        | Reached ** piety under Qazlal
   453 | D        | Noticed a brown ugly thing
   453 | D        | Noticed a two-headed ogre
   453 | D        | Noticed a purple ugly thing
   453 | D        | Noticed a wraith
   454 | D        | Reached skill level 1 in Invocations
   472 | D        | Killed a brown ugly thing
   472 | D        | Reached skill level 10 in Invocations
   472 | D        | Reached XP level 7. HP: 29/57 MP: 4/15
   475 | D        | Killed a two-headed ogre
   475 | D        | Reached *** piety under Qazlal
   475 | D        | Reached skill level 5 in Evocations
   475 | D        | Gained mutation: You sometimes gain a little power by taking damage. [demonic ancestry]
   475 | D        | Reached XP level 8. HP: 33/64 MP: 5/18
   483 | D        | Killed a purple ugly thing
   483 | D        | Reached skill level 15 in Invocations
   733 | D        | Noticed a spiny frog
   739 | D        | Reached **** piety under Qazlal
   739 | D        | Reached XP level 9. HP: 69/69 MP: 19/21
   742 | D        | Reached skill level 10 in Maces & Flails
   744 | D        | Reached skill level 1 in Dodging
   755 | D        | Killed a spiny frog
   771 | D        | Noticed a spiny frog
   778 | D        | Reached ***** piety under Qazlal
   805 | D        | Killed a spiny frog
   960 | D        | Noticed a spiny frog
   960 | D        | Noticed a seven-headed hydra
   960 | D        | Noticed a polar bear
   961 | D        | Killed a spiny frog
   961 | D        | Killed a polar bear
   961 | D        | Reached XP level 10. HP: 77/77 MP: 22/22
   964 | D        | Killed a seven-headed hydra
  1102 | D        | Noticed a catoblepas
  1102 | D        | Noticed a death yak
  1102 | D        | Noticed a death yak
  1102 | D        | Noticed a death yak
  1102 | D        | Noticed a death yak
  1102 | D        | Noticed a death yak
  1103 | D        | Killed a death yak
  1103 | D        | Reached ****** piety under Qazlal
  1103 | D        | Killed a death yak
  1103 | D        | Killed a death yak
  1103 | D        | Killed a death yak
  1105 | D        | Killed a catoblepas
  1105 | D        | Reached XP level 11. HP: 86/86 MP: 15/23
  1114 | D        | Noticed a death yak
  1123 | D        | Killed a death yak
  1141 | D        | Killed a death yak
  1141 | D        | Reached skill level 15 in Maces & Flails
  1258 | D        | Noticed Psyche
  1269 | D        | Killed Psyche
  1407 | D        | Noticed an ettin
  1421 | D        | Killed an ettin
  1657 | D        | Noticed an orc knight
  1659 | D        | Killed an orc knight
  1672 | D        | Noticed an orc knight
  1675 | D        | Killed an orc knight
  1752 | D        | Found Garulaev's Armour Emporium.
  1752 | D        | Noticed an orc knight
  1752 | D        | Noticed an orc sorcerer
  1752 | D        | Noticed an orc sorcerer
  1753 | D        | Killed an orc sorcerer
  1753 | D        | Reached skill level 10 in Shields
  1753 | D        | Killed an orc sorcerer
  1756 | D        | Noticed an orc knight
  1764 | D        | Killed an orc knight
  1767 | D        | Killed an orc knight
  1770 | D        | Found Waufu's Magic Scroll Shoppe.
  1770 | D        | Noticed an orc sorcerer
  1772 | D        | Noticed an orc knight
  1772 | D        | Found Cuowubih's Food Emporium.
  1774 | D        | Paralysed by an orc sorcerer for 5 turns
  1781 | D        | Killed an orc sorcerer
  1781 | D        | Killed an orc knight
  1782 | D        | Noticed an orc knight
  1783 | D        | Found Adio's Book Shoppe.
  1792 | D        | Noticed an orc knight
  1796 | D        | Killed an orc knight
  1796 | D        | Gained mutation: You have very sharp fingernails. [demonic ancestry]
  1796 | D        | Reached XP level 12. HP: 93/97 MP: 8/26
  1871 | D        | Bought a +2 plate armour of poison resistance for 370 gold pieces
  1873 | D        | Bought a scroll of enchant weapon for 105 gold pieces
  1873 | D        | Bought 2 scrolls of recharging for 266 gold pieces
  1873 | D        | Bought a scroll of enchant armour for 105 gold pieces
  1873 | D        | Bought a scroll of blinking for 105 gold pieces
  1873 | D        | Bought a scroll of blinking for 105 gold pieces
  1873 | D        | Bought a scroll of blinking for 105 gold pieces
  1877 | D        | Bought a book of Misfortune for 200 gold pieces
  1877 | D        | Bought a book of Minor Magic for 200 gold pieces
  1877 | D        | Bought a book of Cantrips for 200 gold pieces
  1966 | D        | Noticed Joseph
  1983 | D        | Killed Joseph
  2000 | D        | Noticed Erolcha
  2040 | D        | Killed Erolcha
  2333 | D        | Noticed an ogre mage
  2335 | D        | Noticed a vampire mage
  2336 | D        | Noticed a fire giant
  2336 | D        | Noticed a tengu warrior
  2338 | D        | Killed a vampire mage
  2338 | D        | Reached skill level 10 in Fighting
  2338 | D        | Killed a tengu warrior
  2338 | D        | Killed a fire giant
  2338 | D        | Killed an ogre mage
  2340 | D        | Noticed an ice dragon
  2369 | D        | Killed an ice dragon
  2638 | D        | Noticed Agnes
  2667 | D        | Killed Agnes
  2699 | D        | Noticed Donald
  2728 | D        | HP: 4/98 [Donald/broad axe of flaming (6)]
  2732 | D        | Killed Donald
  2732 | D        | Reached skill level 10 in Armour
  3156 | D        | Reached XP level 13. HP: 66/104 MP: 18/28
  4030 | D        | Noticed a fire giant
  4030 | D        | Noticed a spark wasp
  4030 | D        | Noticed a fire dragon
  4030 | D        | Noticed a fire giant
  4032 | D        | Killed a fire dragon
  4032 | D        | Killed a spark wasp
  4032 | D        | Killed a fire giant
  4037 | D        | Noticed a lich
  4038 | D        | Killed a fire giant
  4038 | D        | Killed a lich
  4038 | D        | Reached skill level 15 in Shields
  4042 | D        | Paralysed by a great orb of eyes for 7 turns
  4043 | D        | Noticed a fire dragon
  4046 | D        | Noticed a stone giant
  4048 | D        | Noticed a stone giant
  4049 | D        | Killed a stone giant
  4049 | D        | Gained mutation: You sometimes gain power by taking damage. [demonic ancestry]
  4049 | D        | Reached XP level 14. HP: 115/115 MP: 18/30
  4049 | D        | Killed a stone giant
  4053 | D        | Paralysed by a great orb of eyes for 4 turns
  4105 | D        | Noticed a stone giant
  4109 | D        | Killed a purple very ugly thing
  4114 | D        | Killed a stone giant
  4367 | D        | Noticed an ironheart preserver
  4368 | D        | Reached skill level 27 in Invocations
  4368 | D        | Killed an ironheart preserver
  4397 | D        | Noticed an ironheart preserver
  4416 | D        | Killed an ironheart preserver
  4763 | D        | Noticed Jory
  4765 | D        | Killed Jory
  5331 | D        | Noticed Saint Roka
  5377 | D        | Killed Saint Roka
  5428 | D        | Reached XP level 15. HP: 126/126 MP: 32/32
  5431 | D        | Noticed Ilsuiw
  5474 | D        | Killed Ilsuiw
  5506 | D        | Got a barnacled rune of Zot
  5514 | D        | Reached skill level 15 in Fighting
  5839 | D        | Got a decaying rune of Zot
  5854 | D        | Reached skill level 15 in Armour
  5909 | D        | Got a gossamer rune of Zot
  5966 | D        | Noticed a nagaraja
  5966 | D        | Noticed a nagaraja
  5966 | D        | Noticed a nagaraja
  5967 | D        | Killed a nagaraja
  5967 | D        | Killed a nagaraja
  5967 | D        | Killed a nagaraja
  5967 | D        | Reached skill level 5 in Dodging
  5968 | D        | Noticed a nagaraja
  5970 | D        | Noticed a nagaraja
  5973 | D        | Killed a nagaraja
  5973 | D        | Killed a nagaraja
  6211 | D        | Got a serpentine rune of Zot
  6218 | D        | Noticed a tengu reaver
  6218 | D        | Killed a tengu reaver
  6221 | D        | Noticed Sojobo
  6234 | D        | Noticed a tengu reaver
  6250 | D        | Killed Sojobo
  6250 | D        | Gained mutation: You are completely covered in yellow scales. (AC +4, rCorr) [demonic ancestry]
  6250 | D        | Reached XP level 16. HP: 75/141 MP: 8/33
  6399 | D        | Noticed Frederick
  6423 | D        | Killed Frederick
  6689 | D        | Noticed a lich
  6710 | D        | Killed a lich
  6711 | D        | Noticed a shadow dragon
  6715 | D        | Noticed a shadow dragon
  6723 | D        | Killed a shadow dragon
  6735 | D        | Killed a shadow dragon
  6807 | D        | Noticed a shadow dragon
  6807 | D        | Noticed a shadow dragon
  6807 | D        | Noticed a titan
  6807 | D        | Noticed a shadow dragon
  6807 | D        | Noticed a shadow dragon
  6808 | D        | Killed a shadow dragon
  6808 | D        | Killed a titan
  6812 | D        | Noticed a shadow dragon
  6813 | D        | Noticed a titan
  6813 | D        | Killed a shadow dragon
  6813 | D        | Killed a shadow dragon
  6813 | D        | Gained mutation: Your flesh is heat resistant. (rF+) [demonic ancestry]
  6813 | D        | Reached XP level 17. HP: 155/155 MP: 27/34
  6834 | D        | Killed a titan
  6841 | D        | Got a silver rune of Zot
  6855 | D        | Learned a level 3 spell: Mephitic Cloud
  6910 | D        | Noticed Frances
  6948 | D        | Noticed Nikola
  6948 | D        | Killed Frances
  6952 | D        | Killed Nikola
  7043 | D        | Noticed Aizul
  7048 | D        | Killed Aizul
  7473 | D        | Got the amulet "Xitu Jeu" {Gourm rN++ Str-3}
  7475 | D        | Got the amulet of Muq Dau {+Blink rF- rN++ Regen+}
  7477 | D        | Got the ring "Kisicusky" {+Inv rPois rN++ Str+3 Dex-4}
  7479 | D        | Got the ring of Ynluek {Wiz Str+5}
  7481 | D        | Got the amulet "Ahoarch" {Spirit Int+4 SInv}
  7490 | D        | Got the +5 demon whip "Qasoulom" {chaos, +Fly Str+3 Int+3}
  7494 | D        | Got the +5 lajatang of Uhem {speed, rF- Str+3 SInv}
  7647 | D        | Noticed Mara
  7665 | D        | Noticed FailedLogin's illusion
  7729 | D        | Noticed FailedLogin's illusion
  7965 | D        | Noticed FailedLogin's illusion
  8063 | D        | Killed Mara
  8211 | D        | Noticed Rupert
  8270 | D        | Killed Rupert
  8270 | D        | Reached skill level 10 in Staves
  8270 | D        | Reached skill level 5 in Poison Magic
  8331 | D        | Reached skill level 10 in Poison Magic
  8461 | D        | Reached skill level 15 in Poison Magic
  8535 | D        | Noticed a tentacled monstrosity
  8535 | D        | Noticed a tentacled monstrosity
  8535 | D        | Noticed a tentacled monstrosity
  8541 | D        | Killed a tentacled monstrosity
  8568 | D        | Killed a tentacled monstrosity
  8590 | D        | Killed a tentacled monstrosity
  8700 | D        | Noticed a tentacled monstrosity
  8748 | D        | Gained mutation: You have claws for hands. [demonic ancestry]
  8748 | D        | Reached XP level 18. HP: 113/164 MP: 23/35
  8754 | D        | Killed a tentacled monstrosity
  8893 | D        | Noticed a tentacled monstrosity
  8910 | D        | Killed a tentacled monstrosity
  8911 | D        | Noticed a golden dragon
  8964 | D        | Killed a golden dragon
  8977 | D        | Noticed a tentacled monstrosity
  8977 | D        | Noticed an electric golem
  8979 | D        | Killed a tentacled monstrosity
  8988 | D        | Killed an electric golem
  9219 | D        | Noticed an Orb Guardian
  9219 | D        | Noticed an Orb Guardian
  9219 | D        | Noticed an Orb Guardian
  9219 | D        | Noticed an Orb Guardian
  9219 | D        | Noticed an Orb Guardian
  9219 | D        | Noticed an Orb Guardian
  9223 | D        | Noticed an Orb Guardian
  9266 | D        | Killed an Orb Guardian
  9270 | D        | Noticed an Orb Guardian
  9285 | D        | Killed an Orb Guardian
  9285 | D        | Killed an Orb Guardian
  9285 | D        | Killed an Orb Guardian
  9285 | D        | Killed an Orb Guardian
  9285 | D        | Killed an Orb Guardian
  9287 | D        | Noticed an Orb Guardian
  9297 | D        | Noticed an Orb Guardian
  9301 | D        | Killed an Orb Guardian
  9309 | D        | Killed an Orb Guardian
  9345 | D        | Killed an Orb Guardian
  9387 | D        | Killed an Orb Guardian
  9399 | D        | Noticed an Orb Guardian
  9399 | D        | Noticed an Orb Guardian
  9399 | D        | Noticed an orb of fire
  9400 | D        | Killed an Orb Guardian
  9400 | D        | Reached skill level 27 in Shields
  9400 | D        | Killed an Orb Guardian
  9405 | D        | Noticed an Orb Guardian
  9407 | D        | Gained mutation: You are frail. (-10% HP) [an orb of fire]
  9408 | D        | Noticed an Orb Guardian
  9427 | D        | Gained mutation: Your spells are a little easier to cast, but a little less powerful. [an orb of fire]
  9433 | D        | Gained mutation: Your magical capacity is low. (-10% MP) [an orb of fire]
  9466 | D        | Gained mutation: You are weak. (Str -2) [an orb of fire]
  9476 | D        | Gained mutation: You are very weak. (Str -4) [an orb of fire]
  9488 | D        | Gained mutation: Your magical capacity is very low. (-20% MP) [an orb of fire]
  9499 | D        | Killed an Orb Guardian
  9516 | D        | Lost mutation: You are very weak. (Str -4) [an orb of fire]
  9520 | D        | Gained mutation: You evolve. [an orb of fire]
  9526 | D        | Gained mutation: Armour fits poorly on your strangely shaped body. [an orb of fire]
  9540 | D        | Gained mutation: Your body sometimes deteriorates upon taking damage. [an orb of fire]
  9547 | D        | Gained mutation: Scrolls take you a little longer to read. [an orb of fire]
  9554 | D        | Gained mutation: You are very frail. (-20% HP) [an orb of fire]
  9567 | D        | Killed an orb of fire
  9567 | D        | Reached skill level 10 in Evocations
  9567 | D        | Gained mutation: You are powered by pain. [demonic ancestry]
  9567 | D        | Reached XP level 19. HP: 92/139 MP: 18/29
  9605 | D        | Noticed an ancient lich
  9605 | D        | Noticed an orb of fire
  9609 | D        | Noticed a Tzitzimitl
  9617 | D        | Killed an ancient lich
  9620 | D        | Gained mutation: You are dopey. (Int -2) [an orb of fire]
  9624 | D        | Gained mutation: You do not regenerate when monsters are visible. [an orb of fire]
  9640 | D        | Gained mutation: You are clumsy. (Dex -2) [an orb of fire]
  9645 | D        | Gained mutation: You are very clumsy. (Dex -4) [an orb of fire]
  9649 | D        | Killed an orb of fire
  9654 | D        | Noticed an electric golem
  9667 | D        | Killed an electric golem
  9670 | D        | Noticed an electric golem
  9670 | D        | Noticed an electric golem
  9670 | D        | Noticed an ancient lich
  9671 | D        | Killed an electric golem
  9673 | D        | Noticed an ancient lich
  9675 | D        | Reached skill level 15 in Evocations
  9676 | D        | Noticed an orb of fire
  9678 | D        | Noticed a golden dragon
  9680 | D        | Killed an electric golem
  9682 | D        | Noticed a Killer Klown
  9684 | D        | Killed an ancient lich
  9693 | D        | Noticed a golden dragon
  9699 | D        | Killed an ancient lich
  9707 | D        | Gained mutation: You occasionally shout uncontrollably at your foes. [an orb of fire]
  9710 | D        | Killed a golden dragon
  9710 | D        | Reached skill level 15 in Staves
  9713 | D        | Gained mutation: You are very weak. (Str -4) [an orb of fire]
  9717 | D        | Gained mutation: Your body often deteriorates upon taking damage. [an orb of fire]
  9719 | D        | Gained mutation: Scrolls take you longer to read. [an orb of fire]
  9723 | D        | Gained mutation: You tend to lose your temper in combat. [an orb of fire]
  9726 | D        | Gained mutation: You are very dopey. (Int -4) [an orb of fire]
  9727 | D        | Killed an orb of fire
  9738 | D        | Killed a golden dragon
  9754 | D        | Killed a Killer Klown
  9754 | D        | Reached skill level 27 in Fighting
  9841 | D        | Lost mutation: You occasionally shout uncontrollably at your foes. [potion of mutation]
  9841 | D        | Lost mutation: You tend to lose your temper in combat. [potion of mutation]
  9841 | D        | Lost mutation: You are very frail. (-20% HP) [potion of mutation]
  9841 | D        | Gained mutation: You passively map a small area around you. [potion of mutation]
  9918 | D        | Gained mutation: You are immune to clouds of flame. [demonic ancestry]
  9918 | D        | Reached XP level 20. HP: 159/177 MP: 26/30
  9984 | D        | Reached skill level 27 in Armour
 10078 | D        | Noticed an ancient lich
 10099 | D        | Killed an ancient lich
 10733 | D        | Reached skill level 27 in Staves
 10740 | D        | Noticed the Royal Jelly
 10757 | D        | Killed the Royal Jelly
 10757 | D        | Reached XP level 21. HP: 113/183 MP: 8/30
 10833 | D        | Reached skill level 27 in Poison Magic
 10834 | D        | Paralysed by a floating eye for 3 turns
 10844 | D        | Paralysed by a floating eye for 4 turns
 10866 | D        | Got a slimy rune of Zot
 11002 | D        | Lost mutation: You are very weak. (Str -4) [evolution]
 12201 | D        | Got an elven rune of Zot
 12324 | D        | Paralysed by a sphinx for 6 turns
 12333 | D        | Reached skill level 15 in Dodging
 12750 | D        | Noticed a greater mummy
 12750 | D        | Noticed a greater mummy
 12759 | D        | Killed a greater mummy
 12759 | D        | Killed a greater mummy
 12790 | D        | Got a golden rune of Zot
 13082 | D        | Got an abyssal rune of Zot
 13463 | D        | Noticed Geryon
 13500 | D        | Killed Geryon
 13505 | D        | Noticed Dispater
 13505 | D        | Noticed Mnoleg
 13506 | D        | Noticed Antaeus
 13509 | D        | Killed Mnoleg
 13574 | D        | Noticed Ereshkigal
 13630 | D        | Killed Antaeus
 13630 | D        | Reached skill level 27 in Maces & Flails
 13641 | D        | Killed from afar by a Hell Sentinel

Vault maps used:
D:        linesprint

Skill      XL: |  1  2  3  4  5  6  7  8  9 10 11 12 13 14 15 16 17 18 19 20 21 |
---------------+----------------------------------------------------------------+-----
Maces & Flails | 6 7 9 12 14 16 17 18 19 22 25 27 | 27.0
Fighting       | 4 5 6 8 9 10 12 14 17 20 22 27 | 27.0
Armour         | 3 4 5 6 7 9 10 11 13 16 17 19 25 27 | 27.0
Shields        | 3 5 6 8 10 12 15 17 20 23 27 | 27.0
Invocations    | 10 14 16 17 20 23 25 27 | 27.0
Evocations     | 4 5 6 7 10 15 | 15.0
Dodging        | 1 3 5 11 24 | 24.6
Staves         | 10 13 16 27 | 27.0
Poison Magic   | 22 25 26 27 | 27.0

Action                   |  1- 3 |  4- 6 |  7- 9 | 10-12 | 13-15 | 16-18 | 19-21 || total
-------------------------+-------+-------+-------+-------+-------+-------+-------++-------
Melee: Flail             |    19 |    35 |    87 |   289 |   145 |       |       ||   575
       Unarmed           |       |       |       |    28 |       |       |       ||    28
       Demon whip        |       |       |       |       |   156 |   373 |   840 ||  1369
       Staff             |       |       |       |       |       |  1090 |       ||  1090
Invok: Disaster Area     |       |       |       |    17 |    26 |    25 |    22 ||    90
Evoke: Wand              |       |     7 |       |       |       |    16 |       ||    23
  Use: Potion            |     1 |     1 |     1 |     1 |     2 |     4 |     8 ||    18
       Scroll            |       |       |       |     2 |     5 |    19 |       ||    26
  Eat: Chunk             |       |       |       |     1 |       |     1 |     2 ||     4
       Bread ration      |       |       |       |     1 |     1 |     2 |       ||     4
       Meat ration       |       |       |       |     1 |       |       |       ||     1
       Fruit             |       |       |       |       |     9 |     8 |    13 ||    30
Armor: Scale mail        |     9 |     1 |       |       |       |       |       ||    10
       Plate armour      |       |    24 |    30 |    74 |    38 |    26 |       ||   192
       Gold dragon scale |       |       |       |       |       |   203 |   145 ||   348
Dodge: Dodged            |     8 |     3 |     9 |    27 |    13 |    74 |    61 ||   195
       Deflected         |       |       |       |     1 |     3 |    11 |     3 ||    18
Block: Shield            |     6 |    20 |    46 |    91 |       |       |       ||   163
       Large shield      |       |       |       |   116 |   206 |   939 |   608 ||  1869
       Other             |       |       |       |     3 |       |       |       ||     3

Table legend:
 A = Spawn XP
 B = Non-spawn XP
 C = Spawn XP percentage of total XP
 D = Spawn monster count
 E = Non-spawn monster count
 F = Spawn count percentage of total count
 G = Total turns spent on level
                    A         B        C        D         E        F      G
               +---------+---------+-------+---------+---------+-------+---------
         Total |       0 |  682377 |   0.0 |       0 |     515 |   0.0 | 13641
               +---------+---------+-------+---------+---------+-------+---------
             D |       0 |  682377 |   0.0 |       0 |     515 |   0.0 | 13641
               +---------+---------+-------+---------+---------+-------+---------
